 Dungeon Crawl Stone Soup version 0.29.0-3-gbb0933ed62 (webtiles) character file.

Game seed: 8084453770675443122

6020 Iusername the Basher (level 11, -6/83 HPs)
             Began as a Human Fighter on Aug 25, 2022.
             Was a Follower of Dithmenos.
             Mangled by an eight-headed hydra (10 damage)
             ... on level 9 of the Dungeon.
             The game lasted 00:26:03 (11315 turns).

Iusername the Basher (Human Fighter)               Turns: 11315, Time: 00:26:03

Health: -6/83      AC: 27    Str: 18    XL:     11   Next: 10%
Magic:  11/11      EV:  6    Int: 22    God:    Dithmenos [*.....]
Gold:   658        SH:  6    Dex: 13    Spells: 10/10 levels left

rFire   . . .      SeeInvis .   l - +4 flail (vorpal)
rCold   . . .      Faith    .   u - +1 buckler
rNeg    + . .      Spirit   .   v - +10 plate armour of the Nexus {Rampage rN+ Int+5}
rPois   .          Reflect  .   r - +0 helmet
rElec   .          Harm     .   p - +0 cloak
rCorr   .          Rampage  +   s - +0 pair of gloves
Will    .....                   (no boots)
Stlth   ..........              m - amulet of regeneration
HPRegen 1.03/turn               k - +6 ring of intelligence
MPRegen 0.12/turn               (no ring)

@: wreathed by umbra
A: no striking features
a: Renounce Religion


You were on level 9 of the Dungeon.
You worshipped Dithmenos.
Dithmenos was aware of your devotion.
You visited 2 branches of the dungeon, and saw 10 of its levels.

You collected 658 gold pieces.

Inventory:

Hand Weapons
 a - a +0 long sword
 l - a +4 vorpal flail (weapon)
Missiles
 b - 7 boomerangs (quivered)
 C - a throwing net
Armour
 p - a +0 cloak (worn)
 r - a +0 helmet (worn)
 s - a +0 pair of gloves (worn)
 u - a +1 buckler (worn)
 v - the +10 plate armour of the Nexus (worn) {Rampage rN+ Int+5}
   (You acquired it on level 7 of the Dungeon)

   Int:       It affects your intelligence (+5).
   rN:        It protects you from negative energy.
   Rampage:   It bestows one free step when moving towards enemies.
Jewellery
 k - a +6 ring of intelligence (left hand)
 m - an amulet of regeneration (around neck)
 t - a ring of magical power
 w - a ring of ice
 D - an amulet of faith
Wands
 B - a wand of charming (2)
 G - a wand of flame (19)
 I - a wand of polymorph (8)
Scrolls
 f - a scroll of fear
 g - a scroll of torment
 i - 2 scrolls of fog
 y - 2 scrolls of blinking
 z - 2 scrolls of summoning
 J - a scroll of vulnerability
Potions
 c - 2 potions of attraction
 d - 2 potions of mutation
 e - a potion of brilliance
 j - 2 potions of heal wounds {unknown}
 n - 2 potions of cancellation {unknown}
 o - 2 potions of degeneration {unknown}
 q - 2 potions of berserk rage {unknown}
 x - a potion of lignification {unknown}
 A - a potion of invisibility {unknown}
 E - 3 potions of ambrosia {unknown}
 F - 3 potions of magic {unknown}
 H - a potion of resistance {unknown}


   Skills:
 + Level 6.5 Fighting
 + Level 4.5 Long Blades
 + Level 8.5(8.9) Maces & Flails
 + Level 3.8(6.6) Staves
 + Level 0.6 Throwing
 + Level 8.4 Armour
 + Level 3.5 Dodging
 + Level 1.6 Stealth
 + Level 6.6 Shields


You had 10 spell levels left.
You didn't know any spells.
Your spell library contained the following spells:

 Spells                   Type           Power      Damage    Failure   Level
 Apportation              Tloc           0%         N/A       99%         1
 Blink                    Tloc           0%         N/A       100%        2
 Scorch                   Fire           0%         2d5       100%        2
 Summon Guardian Golem    Hex/Summ       0%         N/A       100%        3
 Flame Wave               Conj/Fire      0%         2d4       100%        4
 Alistair's Intoxication  Tmut/Pois      0%         N/A       100%        5
 Freezing Cloud           Conj/Ice/Air   0%         6-21      100%        5
 Manifold Assault         Tloc           0%         N/A       100%        5
 Simulacrum               Ice/Necr       0%         N/A       100%        6
 Summon Cactus Giant      Summ           0%         N/A       100%        6
 Orb of Destruction       Conj           0%         9d5       100%        7
 Spellforged Servitor     Conj/Summ      0%         N/A       100%        7
 Storm Form               Tmut/Air       0%         N/A       100%        7
 Polar Vortex             Ice            0%         N/A       100%        9


Dungeon Overview and Level Annotations

Branches:
Dungeon (9/15)             Temple (1/1) D:7
   Lair: D:8-11         Orc: D:9-12

Altars:
Ashenzari
Cheibriados
Dithmenos
Elyvilon
Fedhas
Gozag
Hepliaklqana
Kikubaaqudgha
Makhleb
Nemelex Xobeh
Okawaru
Qazlal
Ru
Uskayaw
Vehumet
Wu Jian
Xom
Zin

Annotations:
D:9 exclusion: orange crystal statue


Message History

You feel better.
The six-headed hydra bites you but does no damage. x3
You block the six-headed hydra's attack.
The six-headed hydra bites you but does no damage.
The six-headed hydra closely misses you.
You feel better.
The boulder beetle seems to regain its courage.
The six-headed hydra completely misses you.
The six-headed hydra barely misses you.
You block the six-headed hydra's attack.
The six-headed hydra bites you but does no damage. x2
The six-headed hydra bites you.
You sock the six-headed hydra!
The six-headed hydra is moderately wounded.
You rampage towards the eight-headed hydra!
You sock the eight-headed hydra!
The eight-headed hydra is moderately wounded.
The eight-headed hydra bites you!
* * * LOW HITPOINT WARNING * * *
The eight-headed hydra bites you but does no damage. x3
The eight-headed hydra bites you!
* * * LOW HITPOINT WARNING * * *
The eight-headed hydra bites you but does no damage.
The eight-headed hydra bites you.
* * * LOW HITPOINT WARNING * * *
You block the eight-headed hydra's attack.
The troll bites you but does no damage. The troll barely misses you.
The troll claws you but does no damage.
Blink to where?
Press: ? - help, Dir - move target
Okay, then.
You feel better.
The six-headed hydra bites you but does no damage. x4
The six-headed hydra barely misses you. The six-headed hydra bites you!
* * * LOW HITPOINT WARNING * * *
The boulder beetle curls into a ball and begins rolling!
The eight-headed hydra bites you but does no damage. x4
You block the eight-headed hydra's attack. x2
The eight-headed hydra bites you!
You die...

#.##.#..#..#.##.)#.#...## #####
#.##.#⌠...⌠#..##.#.....## ....#
#.##.###'################ ....#
#.##.#.....# #
§≈..#####.##.#..B..# #.
≈≈..#........#.....# ##
≈≈..#####....#.....# §§..#
#....#.D...# §≈..# #....###@###
#### # ≈§..# #....#..DT.# $()?#
## ....#####....#.....#:(/?$# #.
.§..#........#..#..'?$/$?' #.
#########))..#.....#!"[(/# ##
#.# #)##.#.....#)[[(!# #.#
#.##.#################### #.#
#.##†#..#..##...##..#..##
#.######.##.#..#..#.###.#.....#.


You could see a boulder beetle (rolling), an eight-headed hydra, a six-headed
hydra and a troll.

Vanquished Creatures
  A two-headed ogre (D:9)
  2 trolls (D:9)
  A hornet (D:9)
  Prince Ribbit (D:8)
  2 wyverns (D:9)
  An unseen horror simulacrum (D:9)
  A steam dragon (D:7)
  2 water moccasins
  Edmund (D:4)
  Duvessa (D:7)
  An orc warrior (D:9)
  2 ice beasts
  3 black bears
  2 centaurs
  3 ogres
  2 phantoms
  2 kobold brigands
  5 bullfrogs
  2 necrophages
  3 gnoll sergeants (D:9)
  4 scorpions
  7 wights
  Dowan (D:7)
  5 killer bees (D:9)
  A howler monkey (D:8)
  6 jellies
  4 hounds
  3 gnoll boudas (D:9)
  Crazy Yiuf (D:2)
  4 iguanas (D:4)
  2 orc wizards (D:9)
  15 gnolls
  7 adders
  2 worms
  2 dart slugs
  17 orcs
  7 ball pythons
  2 bats
  4 endoplasms
  2 giant cockroaches
  8 goblins
  8 hobgoblins
  36 kobolds
  6 quokkas
  2 frilled lizards
  4 rats
  A spectral goblin (D:8)
199 creatures vanquished.

Vanquished Creatures (others)
  30 plants (D:5)
30 creatures vanquished.

Grand Total: 229 creatures vanquished

Notes
Turn   | Place    | Note
-------+----------+-------------------------------------------
     0 | D:1      | Iusername the Human Fighter began the quest for the Orb.
     0 | D:1      | Reached XP level 1. HP: 18/18 MP: 1/1
   848 | D:1      | Found a faded altar of an unknown god.
   861 | D:1      | Reached XP level 2. HP: 24/24 MP: 2/2
  1392 | D:1      | Reached XP level 3. HP: 29/29 MP: 3/3
  2137 | D:2      | Found a runed translucent door.
  2138 | D:2      | Noticed Crazy Yiuf
  2144 | D:2      | Killed Crazy Yiuf
  2145 | D:2      | Reached XP level 4. HP: 25/35 MP: 4/4
  2692 | D:2      | Found a snail-covered altar of Cheibriados.
  2879 | D:3      | Reached XP level 5. HP: 31/41 MP: 5/5
  4065 | D:4      | Noticed an ice beast
  4072 | D:4      | Killed an ice beast
  4073 | D:4      | Reached skill level 1 in Dodging
  4073 | D:4      | Reached XP level 6. HP: 47/48 MP: 6/6
  4091 | D:4      | Found a white marble altar of Elyvilon.
  4555 | D:4      | Reached XP level 7. HP: 53/53 MP: 7/7
  4645 | D:4      | Reached skill level 1 in Staves
  4747 | D:4      | Noticed Edmund
  4762 | D:4      | Killed Edmund
  4763 | D:4      | Reached skill level 5 in Armour
  5134 | D:5      | Entered Level 5 of the Dungeon
  5198 | D:5      | Reached XP level 8. HP: 60/60 MP: 8/8
  5224 | D:5      | Found a glowing silver altar of Zin.
  5298 | D:5      | Reached skill level 1 in Maces & Flails
  6434 | D:6      | Reached skill level 1 in Stealth
  6434 | D:6      | Reached XP level 9. HP: 66/66 MP: 9/9
  6556 | D:6      | Found a sacrificial altar of Ru.
  6829 | D:6      | Reached skill level 5 in Maces & Flails
  6982 | D:7      | Noticed Duvessa
  6982 | D:7      | Noticed Dowan
  7000 | D:7      | Killed Duvessa
  7391 | D:7      | Reached skill level 5 in Fighting
  7457 | D:7      | Killed Dowan
  7458 | D:7      | Reached skill level 5 in Shields
  7669 | D:7      | Found an opulent altar of Gozag.
  8076 | D:7      | Reached XP level 10. HP: 52/76 MP: 10/10
  8300 | D:7      | Identified a scroll of acquirement
  8301 | D:7      | Acquired the +10 plate armour of the Nexus {Rampage rN+
                  | Int+5}
  8347 | D:7      | Found a staircase to the Ecumenical Temple.
  8360 | Temple   | Entered the Ecumenical Temple
  8528 | Temple   | Became a worshipper of Dithmenos the Shadowed
  8747 | D:8      | Noticed Prince Ribbit
  8767 | D:8      | Killed Prince Ribbit
  9019 | D:8      | Found a hazy altar of Hepliaklqana.
  9077 | D:8      | Found an ancient bone altar of Kikubaaqudgha.
  9078 | D:8      | Found a snail-covered altar of Cheibriados.
  9520 | D:9      | Noticed an orange crystal statue
 10487 | D:9      | Found a stormy altar of Qazlal.
 11099 | D:9      | Reached * piety under Dithmenos
 11230 | D:9      | Noticed a two-headed ogre
 11236 | D:9      | Killed a two-headed ogre
 11237 | D:9      | Reached XP level 11. HP: 62/83 MP: 11/11
 11278 | D:9      | Noticed a manticore
 11279 | D:9      | Noticed a boulder beetle
 11299 | D:9      | Noticed a six-headed hydra
 11304 | D:9      | Noticed an eight-headed hydra
 11315 | D:9      | HP: 4/83 [six-headed hydra (7)]
 11315 | D:9      | Mangled by an eight-headed hydra

Illustrated notes

Levels and vault maps discovered:
D:1:      minmay_arrival_arboretum_small, layout_loops_ring,
          chequers_ecumenical_altar_simple
D:2:      layout_loops_ring, basic_altar, uniq_crazy_yiuf_cottage
D:3:      layout_basic, portal_sewer_entry_d, serial_bayou_crossing
D:4:      layout_basic, kennysheep_mini, hangedman_minor_gate_pass, uniq_edmund
D:5:      kennysheep_kobold_camp, layout_loops_cross, old_standard_altar
D:6:      layout_basic, kennysheep_mini_moat
D:7:      layout_gridville, nicolae_gozag_seed_capital,
          minmay_temple_entry_fiery, uniq_duvessa
D:8:      layout_basic, nicolae_hepliaklqana_monster_ancestors,
          gammafunk_temple_overflow_statue, uniq_prince_ribbit1
D:9:      minmay_the_grid_square_5x5_4x4 [minmay_the_grid_square_5x5_bridge,
          minmay_the_grid_square_5x5_c, minmay_the_grid_square_5x5_moneybag,
          minmay_the_grid_square_5x5_n_small,
          minmay_the_grid_square_5x5_one_wall,
          minmay_the_grid_square_5x5_prize_junk,
          minmay_the_grid_square_5x5_prize_pseudospiral,
          minmay_the_grid_square_5x5_hourglass,
          minmay_the_grid_square_5x5_empty,
          minmay_the_grid_square_5x5_prize_open,
          minmay_the_grid_square_5x5_prize_rear_guard,
          minmay_the_grid_square_5x5_minimal,
          minmay_the_grid_square_5x5_shrine2, minmay_the_grid_square_5x5_z,
          minmay_the_grid_square_5x5_three_walls,
          minmay_the_grid_square_5x5_broken_cross], layout_small_grid,
          nicolae_qazlal_general_emergency, kennysheep_pointless_box,
          minivault_16
Temple:   minmay_temple_curvy_branch

Skill      XL: |  1  2  3  4  5  6  7  8  9 10 |
---------------+-------------------------------+-----
Long Blades    | 3 4 |  4.5
Armour         | 4 5 6 7 8 |  8.4
Dodging        | 1 2 3 |  3.5
Fighting       | 4 5 6 |  6.5
Staves         | 3 |  3.8
Maces & Flails | 3 6 8 |  8.5
Shields        | 4 5 6 |  6.6
Stealth        | 1 |  1.6
Throwing       | |  0.6

Action                   |  1- 3 |  4- 6 |  7- 9 | 10-12 || total
-------------------------+-------+-------+-------+-------++-------
Melee: Long sword        |    70 |   132 |       |       ||   202
       Quarterstaff      |       |    26 |    57 |       ||    83
       Flail             |       |       |   241 |   269 ||   510
Throw: Boomerang         |       |       |       |     6 ||     6
  Use: Potion            |     1 |       |     4 |     8 ||    13
       Scroll            |       |    10 |     3 |     9 ||    22
Armor: Scale mail        |    35 |    94 |   215 |       ||   344
       Plate armour      |       |       |       |   253 ||   253
Dodge: Dodged            |    25 |    95 |   256 |   109 ||   485
Block: Buckler           |    17 |    29 |   146 |   123 ||   315
